 Dungeon Crawl Stone Soup version 0.31-a0-986-g5e6e4ef867 (webtiles) character file.

Game seed: 17593682902985364734

107 2FriedEggs the Ruffian (level 5, 0/41 HPs)
             Began as a Meteoran Shapeshifter on Nov 15, 2023.
             Slain by an orc
             ... wielding a +0 flail
              (2 damage)
             ... on level 4 of the Dungeon.
             The game lasted 00:03:55 (1316 turns).

2FriedEggs the Ruffian (Meteoran Shapeshifter)      Turns: 1316, Time: 00:03:56

Health: 0/41       AC:  5    Str: 17    XL:     5   Next: 33%
Magic:  6/6        EV: 11    Int: 11    God:
Gold:   94         SH:  0    Dex: 14    Spells: 4/4 levels left

rFire   . .          .
                       - Unarmed
rCold   . . .        (no shield)
rNeg    . . .        g - +0 ring mail
rPois   .            (helmet currently unavailable)
rElec   .            (cloak currently unavailable)
rCorr   .            (gloves currently unavailable)
SInv    .            (boots currently unavailable)
Will    .....        (no amulet) Stlth
                     (no ring)
HPRegen 0.26/turn    (no ring)
MPRegen 0.10/turn

%: no passive effects
@: confused, lethally poisoned (0 -> -7), beast-form, glowing
A: beast (slay +2), sense surroundings 1, otherworldly, glowing, explore regen
a: Begin Untransformation


You were on level 4 of the Dungeon.
You were a hulking beast.
You visited 1 branch of the dungeon, and saw 4 of its levels.

You collected 94 gold pieces.

Inventory:

Armour
 a - a +0 animal skin
 f - an orb of energy
 g - a +0 ring mail (worn)
 k - a +0 cloak
Talismans
 c - a beast talisman
 d - a flux talisman
Scrolls
 e - a scroll of silence {unknown}
 i - 2 scrolls of identify {unknown}
 m - a scroll of amnesia {unknown}
 n - a scroll of teleportation {unknown}
Potions
 b - a potion of lignification
 h - 2 potions of magic {unknown}
 j - 3 potions of curing {unknown}
 l - a potion of resistance {unknown}
 o - a potion of mutation {unknown}


   Skills:
 + Level 2.2 Fighting
 - Level 2.1 Dodging
 * Level 5.0 Unarmed Combat
 * Level 4.8 Shapeshifting


You had 4 spell levels left.
You didn't know any spells.
Your spell library contained the following spells:

 Spells                   Type           Power      Damage    Failure   Level
 Apportation              Tloc           0%         N/A       54%         1
 Necrotise                Necr           0%         1d4       54%         1
 Slow                     Hex            0%         N/A       54%         1
 Sting                    Tmut/Pois      0%         1d3       54%         1
 Summon Small Mammal      Summ           0%         N/A       54%         1
 Poisonous Vapours        Pois/Air       0%         N/A       69%         2
 Confusing Touch          Hex            0%         N/A       89%         3
 Gell's Gravitas          Tloc           0%         N/A       89%         3
 Sigil of Binding         Hex            0%         N/A       89%         3
 Teleport Other           Tloc           0%         N/A       89%         3
 Vampiric Draining        Necr           0%         2d6       89%         3
 Olgreb's Toxic Radiance  Pois           0%         N/A       100%        4
 Dispersal                Tloc           0%         N/A       100%        6


Dungeon Overview and Level Annotations

Branches:
Dungeon (4/15) Zot: 1084
 Temple: D:4-7

Altars:


Innate Abilities, Weirdness & Mutations

You are a hulking beast.
Your limbs bulge with bestial killing power. (Slay +2)
You passively map a small area around you.
You are easily found by Zot.
You glow in the dark.
You regain HP and MP as you explore.


Message History

The howler monkey barely misses you. The orc misses you.
You hit the howler monkey.
You kill the howler monkey!
The orc hits you with a +0 dagger.
Your Unarmed Combat skill increases to level 5!
You have reached level 5!
You are too injured to fight recklessly!
You are too injured to fight recklessly!
Unknown command.
You hit the orc.
The orc is moderately wounded.
Something hits you. The orc hits you but does no damage.
Unknown command.
You closely miss the orc.
The orc is moderately wounded.
You hear some strange, mumbled words.
You are confused.
You bump into the rock wall.
The orc hits you but does no damage. Something hits you.
You are poisoned.
You punch the orc!
You kill the orc!
You feel sick.
Unknown command.
You feel sick. Something hits you.
* * * LOW HITPOINT WARNING * * *
You are lethally poisoned!
Things that are here:
a +0 dagger; a +0 ring mail You bump into the rock wall.
* * * LOW HITPOINT WARNING * * *
You feel very sick.
* * * LOW HITPOINT WARNING * * *
You feel very sick.
You hear some strange, mumbled words.
You are more confused.
You hit the orc but do no damage. Your punch misses the orc.
* * * LOW HITPOINT WARNING * * *
You feel sick. The orc hits you with a +0 flail.
You die...

... #.#..,.. *
, ............
, *
.....#...#.# #
,.....#.....#.#
*
.........#...#*
* , +
.#.#.......# ,
, , ......#<.#
** , #...)#,
#.##h#..#.# ,
#...o{....#* ,
, #####s##### *
, #g# , , ,,.o.
, * ** ....+ ,
* , ,....## ,
.....# , , ,
#.....#*,


You could see a scorpion, 2 orcs and a goblin.

Vanquished Creatures
  A howler monkey (D:4)
  Jessica (D:3)
  An orc (D:4)
  5 endoplasms
  2 giant cockroaches
  2 hobgoblins (D:1)
  5 jackals
  2 quokkas (D:3)
  7 ball pythons
  2 bats
  3 goblins
  2 kobolds
  4 rats
37 creatures vanquished.

Notes
Turn   | Place    | Note
-------+----------+-------------------------------------------
     0 | D:1      | 2FriedEggs the Meteoran Shapeshifter began the quest for
                  | the Orb.
     0 | D:1      | Reached XP level 1. HP: 16/16 MP: 2/2
   171 | D:1      | Reached XP level 2. HP: 22/23 MP: 3/3
   279 | D:1      | Reached skill level 4 in Unarmed Combat
   441 | D:1      | Reached XP level 3. HP: 25/28 MP: 4/4
   497 | D:1      | Glimpsed the power of Zot.
  1131 | D:3      | Noticed Jessica
  1140 | D:3      | Killed Jessica
  1141 | D:3      | Reached XP level 4. HP: 36/36 MP: 5/5
  1299 | D:4      | Noticed a scorpion
  1309 | D:4      | Reached skill level 5 in Unarmed Combat
  1309 | D:4      | Reached XP level 5. HP: 20/41 MP: 6/6
  1316 | D:4      | HP: 2/41 [poisoned by an orc wizard]
  1316 | D:4      | Slain by an orc

Illustrated notes

Levels and vault maps discovered:
D:1:      dpeg_arrival_castle, layout_loops_corners, serial_bayou_pond_c
D:2:      layout_basic, hangedman_abyss_or_decor_lesser_grid
D:3:      layout_basic, st_stairs_1, uniq_jessica
D:4:      layout_basic, lemuel_tele_altar, uniq_robin

Skill      XL: |  1  2  3  4 |
---------------+-------------+-----
Unarmed Combat | 4 5 |  5.0
Shapeshifting  | 4 |  4.8
Fighting       | 2 |  2.2
Dodging        | |  2.1

Action                     |  1- 3 |  4- 6 || total
---------------------------+-------+-------++-------
  Melee: Unarmed           |    63 |    20 ||    83
         Punch             |     1 |     1 ||     2
 Armour: Animal skin       |     6 |       ||     6
         Ring mail         |    31 |    21 ||    52
  Dodge: Dodged            |    46 |    18 ||    64

Table legend: (Time is in decaauts)
 A = Elapsed time spent in this place.
 B = Non-inter-level travel time spent in this place.
 C = Inter-level travel time spent in this place.
 D = Time resting spent in this place.
 E = Time spent auto-exploring this place.
 F = Levels seen in this place.
 G = Mean time per level.
                   A        B        C        D        E       F      G
               +--------+--------+--------+--------+--------+-----+--------+
         Total |   1314 |   1173 |    141 |      0 |    473 |   4 |  328.5 |
       Dungeon |   1314 |   1173 |    141 |      0 |    473 |   4 |  328.5 |
               +--------+--------+--------+--------+--------+-----+--------+

Top non-repeatable levels by time:
     D:1: 526 daAuts
     D:2: 498 daAuts
     D:3: 269 daAuts
     D:4: 19 daAuts
